 Dungeon Crawl Stone Soup version 0.27-a0-808-g60bc5d92e6 (webtiles) character file.

Game seed: 257109362524625068

105 polve the Slasher (level 4, 0/33 (35) HPs)
             Began as a Demonspawn Abyssal Knight on Mar 28, 2021.
             Was a Follower of Lugonu.
             Slain by a necrophage (6 damage)
             ... on level 4 of the Dungeon.
             The game lasted 00:02:29 (4069 turns).

polve the Slasher (Demonspawn Abyssal Knight)       Turns: 4069, Time: 00:02:29

HP:   0/33 (35)     AC:  6    Str: 12    XL:     4   Next: 54%
MP:   5/5           EV: 11    Int: 15    God:    Lugonu [*.....]
Gold: 168           SH:  0    Dex: 24    Spells: 3/3 levels left

rFire    . . .     SeeInvis .   a - +1 falchion
rCold    . . .     Faith    .   (no shield)
rNeg     . . .     Spirit   .   b - +0 leather armour
rPois    .         Reflect  .   (no helmet)
rElec    .         Harm     .   n - +0 cloak
rCorr    .         Rampage  .   c - +0 pair of gloves
Will     .....                  m - +0 pair of boots
Stlth    ++........             (no amulet)
HPRegen  0.11/turn              i - +6 ring of dexterity
MPRegen  0.09/turn              p - +6 ring of dexterity

@: drained
A: hooves 1, foul stench 1
a: Renounce Religion, Depart the Abyss


You were on level 4 of the Dungeon.
You worshipped Lugonu.
Lugonu was aware of your devotion.
You visited 1 branch of the dungeon, and saw 4 of its levels.
You visited the Abyss 1 time.

You collected 168 gold pieces.

Inventory:

Hand Weapons
 a - a +1 falchion (weapon)
Armour
 b - a +0 leather armour (worn)
 c - a +0 pair of gloves (worn)
 m - a +0 pair of boots (worn)
 n - a +0 cloak (worn)
Jewellery
 i - a +6 ring of dexterity (left hand)
 p - a +6 ring of dexterity (right hand)
Scrolls
 d - a scroll of enchant armour {unknown}
 e - 2 scrolls of identify {unknown}
 f - 2 scrolls of blinking {unknown}
 g - a scroll of fear {unknown}
 h - a scroll of brand weapon {unknown}
 k - a scroll of enchant weapon {unknown}
 l - a scroll of vulnerability {unknown}
 s - a scroll of teleportation {unknown}
Potions
 j - 2 potions of invisibility {unknown}
 o - 2 potions of might {unknown}
 q - a potion of attraction {unknown}
 r - 2 potions of curing {unknown}


   Skills:
 - Level 3.0 Fighting
 + Level 4.4 Long Blades
 - Level 1.7 Armour
 - Level 0.8 Dodging
 - Level 2.4 Invocations


You had 3 spell levels left.
You didn't know any spells.
Your spell library contained the following spells:

 Spells                   Type           Power      Damage    Failure   Level
 Animate Skeleton         Necr           0%         N/A       34%         1
 Apportation              Tloc           0%         N/A       34%         1
 Corona                   Hex            0%         N/A       34%         1
 Summon Small Mammal      Summ           0%         N/A       34%         1


Dungeon Overview and Level Annotations

Branches:
Dungeon (4/15)
 Temple: D:4-7

Altars:
Trog
Uskayaw
Xom
Yredelemnul


Innate Abilities, Weirdness & Mutations

You have large cloven feet.
You may rarely emit foul miasma when damaged in melee.


Message History

The jackal is almost dead.
The jackal misses you. The jackal barely misses you.
You riposte.
You hit the jackal.
You kill the jackal!
Lugonu accepts your kill.
The goblin unwields a +0 dagger.
The goblin wields a +0 hunting sling.
The goblin shoots a stone.
The stone barely misses you.
You swing at nothing.
The necrophage completely misses you.
You riposte.
You hit the necrophage.
The necrophage is lightly damaged.
You slash the necrophage!
The necrophage is moderately damaged.
The necrophage hits you but does no damage.
You closely miss the necrophage.
The necrophage is moderately damaged.
The necrophage closely misses you.
You hit the necrophage.
The necrophage is moderately damaged.
The necrophage hits you.
You feel drained.
You hit the necrophage.
The necrophage is heavily damaged.
The necrophage closely misses you.
You barely miss the necrophage.
The necrophage is heavily damaged.
The necrophage hits you.
You hit the necrophage.
The necrophage is heavily damaged.
The necrophage hits you.
* * * LOW HITPOINT WARNING * * *
You hit the necrophage.
The necrophage is heavily damaged.
The necrophage hits you.
* * * LOW HITPOINT WARNING * * *
You hit the necrophage but do no damage.
The necrophage is heavily damaged.
The necrophage hits you but does no damage.
You closely miss the necrophage.
The necrophage is heavily damaged.
The necrophage hits you.
You die...

#. ###..#.####.## #
###..#.####.#
...........##
#####..........#
.......o.......#
#..h.n.....# #.
##.#.......#.#
#.#.#####o#.oW....#.#
#...@nWo##......#.#
######g###......#.#
..# ########.# #...
......# #..##
######## #.## #. #.


You could see a phantom, a necrophage, 2 orcs and a goblin.

Vanquished Creatures
  A bullfrog zombie (D:2)
  2 adders
  An orc (D:4)
  7 bats
  8 endoplasms
  4 giant cockroaches
  3 goblins
  3 hobgoblins
  5 jackals
  2 kobolds
  A quokka (D:1)
  5 ball pythons
  2 frilled lizards
  6 rats
50 creatures vanquished.

Vanquished Creatures (others)
  A goblin (D:4)
1 creature vanquished.

Grand Total: 51 creatures vanquished

Notes
Turn   | Place    | Note
-------+----------+-------------------------------------------
     0 | Abyss:1  | polve the Demonspawn Abyssal Knight began the quest for the
                  | Orb.
     0 | Abyss:1  | Reached XP level 1. HP: 18/18 MP: 2/2
    61 | Abyss:1  | Noticed a sky beast
    76 | Abyss:1  | Noticed a flying skull
    87 | Abyss:1  | Noticed a small abomination
    88 | Abyss:1  | Noticed a fire bat
    89 | D:1      | Escaped the Abyss
   299 | D:1      | Reached skill level 2 in Long Blades
   777 | D:1      | Gained mutation: You may rarely emit foul miasma when
                  | damaged in melee. [demonic ancestry]
   777 | D:1      | Reached XP level 2. HP: 22/24 MP: 3/3
   966 | D:1      | Reached * piety under Lugonu
  1585 | D:2      | Reached skill level 3 in Long Blades
  1585 | D:2      | Gained mutation: You have large cloven feet. [demonic
                  | ancestry]
  1585 | D:2      | Reached XP level 3. HP: 17/29 MP: 4/4
  1955 | D:2      | Found a basalt altar of Yredelemnul.
  1989 | D:2      | Reached XP level 4. HP: 11/35 MP: 5/5
  2244 | D:2      | Reached skill level 4 in Long Blades
  3031 | D:3      | Found a hide-covered altar of Uskayaw.
  3358 | D:3      | Found a bloodstained altar of Trog.
  3393 | D:3      | Found a faded altar of an unknown god.
  3714 | D:4      | Found a shimmering altar of Xom.
  3714 | D:4      | Noticed a phantom
  4039 | D:4      | Noticed a necrophage
  4069 | D:4      | Slain by a necrophage

Illustrated notes

Levels and vault maps discovered:
D:1:      evilmike_arrival_plus, layout_basic, serial_co_window_serial,
          co_window_of_opportunity_a, co_window_paths_a, co_window_corner_a,
          co_window_of_opportunity_a, co_window_corner_a, co_window_broadway_b,
          co_window_corner_ca, co_window_of_opportunity_c,
          co_window_unsneaky_path_c, co_window_unsneaky_path_c, co_window_sun,
          co_window_paths_e, glass_columns_c, glass_columns_a, glass_columns_b,
          glass_columns_c, glass_columns_a, serial_park_tiny_2,
          grunt_decor_one_mirror
D:2:      layout_loops_ring, yredelemnul_altar_generic,
          kennysheep_generic_room_8
D:3:      layout_basic, overflow_temple_1_default,
          chequers_ecumenical_altar_island, bloody_trog
D:4:      layout_loops_ring, kennysheep_mini_moat, xom_confusion_cloud,
          amethyst_overflow_temple_binary, minmay_temple_entry_mini_moons,
          serial_co_window_serial, co_window_paths_a, co_window_paths_b,
          co_window_of_opportunity_a, co_window_paths_a,
          co_window_of_opportunity_a, co_window_paths_a, co_window_corner_a,
          co_window_broadway_a, co_window_corner_ca, co_window_corner_cb,
          co_window_paths_d, glass_columns_b

Skill      XL: |  1  2  3  4 |
---------------+-------------+-----
Long Blades    | 2 3 4 |  4.4
Fighting       | |  3.0
Armour         | |  1.7
Dodging        | |  0.8
Invocations    | |  2.4

Action                   |  1- 3 |  4- 6 || total
-------------------------+-------+-------++-------
Melee: Falchion          |    66 |    69 ||   135
       Kick              |     6 |     3 ||     9
Invok: Depart the Abyss  |     1 |       ||     1
 Stab: Sleeping          |       |     2 ||     2
Armor: Leather armour    |    22 |    41 ||    63
Dodge: Dodged            |    43 |    64 ||   107
       Rpst.: Falchion   |    11 |    17 ||    28

Table legend: (Time is in decaauts)
 A = Elapsed time spent in this place.
 B = Non-inter-level travel time spent in this place.
 C = Inter-level travel time spent in this place.
 D = Time resting spent in this place.
 E = Time spent auto-exploring this place.
 F = Levels seen in this place.
 G = Mean time per level.
                   A        B        C        D        E       F      G
               +--------+--------+--------+--------+--------+-----+--------+
         Total |   4098 |   3984 |    114 |      0 |   3483 |   5 |  819.6 |
       Dungeon |   4009 |   3895 |    114 |      0 |   3424 |   4 | 1002.2 |
         Abyss |     89 |     89 |      0 |      0 |     59 |   1 |   89.0 |
               +--------+--------+--------+--------+--------+-----+--------+

Top non-repeatable levels by time:
     D:1: 1493 daAuts
     D:2: 1459 daAuts
     D:3: 976 daAuts
 Abyss:1: 89 daAuts
     D:4: 80 daAuts
